 Dungeon Crawl Stone Soup version 0.32-a0-818-gb728d02 (webtiles) character file.

Game seed: 13253163358131032156

23 Dorkslayer the Ducker (level 3, -3/26 HPs)
             Began as an Octopode Fighter on Mar 24, 2024.
             Slain by a kobold
             ... wielding a +0 dagger
              (4 damage)
             ... on level 1 of the Dungeon.
             The game lasted 00:01:21 (288 turns).

Dorkslayer the Ducker (Octopode Fighter)             Turns: 288, Time: 00:01:22

Health: -3/26      AC:  1    Str: 17    XL:     3   Next: 0%
Magic:  3/3        EV: 12    Int: 10    God:
Gold:   24         SH:  4    Dex: 11    Spells: 2/2 levels left

rFire   . . .        a - +0 war axe
rCold   . . .        b - +0 buckler
rNeg    . . .        (helmet restricted)
rPois   .            (no amulet)
rElec   .            (no ring)
rCorr   .            (no ring)
SInv    .            (no ring)
Will    .....        (no ring)
Stlth   ++           (no ring)
HPRegen 0.24/turn    (no ring)
MPRegen 0.08/turn    (no ring)
                     (no ring)

%: no passive effects
@: no status effects
A: almost no armour, amphibious, 8 rings, camouflage 1, gelatinous body 1,
(nimble swimmer 1), tentacles
a: no special abilities


You were on level 1 of the Dungeon.
You visited 1 branch of the dungeon, and saw 1 of its levels.

You collected 24 gold pieces.

Inventory:

Hand Weapons
 a - a +0 war axe (weapon)
Armour
 b - a +0 buckler (worn)
Potions
 c - a potion of might
 d - a potion of magic {unknown}


   Skills:
 + Level 3.2 Fighting
 + Level 2.2 Axes
 + Level 3.3 Dodging
 + Level 1.0 Stealth
 + Level 3.2 Shields


You had 2 spell levels left.
You didn't know any spells.
Your spell library was empty.

Dungeon Overview and Level Annotations

Branches:
Dungeon (1/15)

Altars:


Innate Abilities, Weirdness & Mutations

You cannot wear most types of armour.
You are amphibious.
You can wear up to eight rings at the same time.
Your skin changes colour to match your surroundings (Stealth+).
Your rubbery body absorbs attacks. (AC +1, EV +1)
((You are camouflaged when in or above water. (Stealth+)))
You have tentacles for arms and can constrict up to eight enemies at once.


Message History

You see here a +0 pair of boots.
Found a leather armour.
A kobold comes into view. It is wielding a +0 dagger.
The kobold shouts!
A quokka and an endoplasm come into view.
A kobold comes into view. It is wielding a +0 dagger.
Found 8 gold pieces.
You see here a +0 leather armour.
You hit the endoplasm.
The endoplasm is moderately wounded.
The endoplasm barely misses you. The endoplasm freezes you.
You are frozen.
The kobold hits you with a +0 dagger.
You slash the endoplasm!
You kill the endoplasm!
You hit the kobold. The quokka bites you.
You have reached level 3!
Your experience leads to an increase in your attributes!
Increase (S)trength, (I)ntelligence, or (D)exterity?
You feel stronger. x2
You hit the quokka. Your grab misses the quokka.
The quokka is moderately wounded.
You hit the kobold. The kobold closely misses you. The quokka bites you.
You block the kobold's attack. The kobold hits you with a +0 dagger.
Unknown command.
You hit the kobold but do no damage. Your grab misses the kobold.
You miss the quokka. You barely miss the kobold. The quokka misses you.
The kobold hits you but does no damage. The kobold hits you with a +0 dagger.
* * * LOW HITPOINT WARNING * * *
You block the quokka's attack.
Unknown command.
You slash the kobold!
You kill the kobold!
You hit the kobold but do no damage. You hit the quokka but do no damage.
The quokka closely misses you. The kobold hits you with a +0 dagger.
* * * LOW HITPOINT WARNING * * *
The quokka bites you.
* * * LOW HITPOINT WARNING * * *
The kobold hits you with a +0 dagger.
You die...

#..[###.##...##.#.
#...#$#..#...#..#.
#..##.##.##.##..#.
#..#...#..#.#...#.
##.##...##.###...#.
#..#.....#..
#..#.....#
#.Kr......
#.@)###.#
###....... ####.##


You could see a quokka and a kobold.

Vanquished Creatures
  A dart slug (D:1)
  2 endoplasms (D:1)
  A giant cockroach (D:1)
  2 hobgoblins (D:1)
  3 kobolds (D:1)
  A ball python (D:1)
  3 bats (D:1)
  A frilled lizard (D:1)
  4 goblins (D:1)
  3 rats (D:1)
21 creatures vanquished.

Notes
Turn   | Place    | Note
-------+----------+-------------------------------------------
     0 | D:1      | Dorkslayer the Octopode Fighter began the quest for the
                  | Orb.
     0 | D:1      | Reached XP level 1. HP: 16/16 MP: 1/1
   141 | D:1      | Reached XP level 2. HP: 19/21 MP: 2/2
   264 | D:1      | Reached skill level 1 in Stealth
   286 | D:1      | Reached XP level 3. HP: 18/26 MP: 3/3
   288 | D:1      | HP: 1/26 [quokka (5)]
   288 | D:1      | Slain by a kobold

Illustrated notes

Levels and vault maps discovered:
D:1:      dpeg_arrival_shelter, layout_loops_ring, hangedman_decor_points,
          minmay_unequal

Skill      XL: |  1  2 |
---------------+-------+-----
Stealth        | 1 |  1.0
Fighting       | |  3.2
Axes           | |  2.2
Dodging        | |  3.3
Shields        | |  3.2

Action                     || total
---------------------------++-------
  Melee: War axe           ||    29
         Constrict         ||     8
         Tentacles         ||     1
   Stab: Sleeping          ||     3
 Armour: Skin              ||    21
  Dodge: Dodged            ||    14
  Block: Buckler           ||     8

Table legend: (Time is in decaauts)
 A = Elapsed time spent in this place.
 B = Non-inter-level travel time spent in this place.
 C = Inter-level travel time spent in this place.
 D = Time resting spent in this place.
 E = Time spent auto-exploring this place.
 F = Levels seen in this place.
 G = Mean time per level.
                   A        B        C        D        E       F      G
               +--------+--------+--------+--------+--------+-----+--------+
         Total |    300 |    300 |      0 |      0 |     94 |   1 |  300.0 |
       Dungeon |    300 |    300 |      0 |      0 |     94 |   1 |  300.0 |
               +--------+--------+--------+--------+--------+-----+--------+

Top non-repeatable levels by time:
     D:1: 300 daAuts
